cohdb
Replays
Latest Replays
All Replays
Popular Replays
Top Player Replays
Match Explorer
How It Works
Community
CoH3 Stats
Reddit
Sign in to upload your games and track your stats! →
Sign in with Steam
Match 43237313
Unlisted
Match 43237313
Overview
Messages
Build Orders
End
Construct Barracks
Selects Heavy Weapons
Scout Squad
Riflemen Squad
Riflemen Squad
Infantry Support Center
Construct Weapon Support Center
M1919 Machine Gun Team
Selects Assault Carriers
Construct Medical Station
Bazooka Squad
M3 Assault Carrier
Selects Exchangeable Parts
Grenade Package
Riflemen Squad
M1918 Browning Automatic Rifles
Engineer Squad
M3 Assault Carrier
Riflemen Squad
Engineer Squad
Advanced Logistics
Scout Squad
Munitions Surplus
Riflemen Squad
M1919 Machine Gun Team
Riflemen Squad
Bazooka Squad
Bazooka Squad
Selects M26 Pershing Heavy Tank
Selects M2HB .50cal Heavy Machine Gun
Selects Rapid Reposition
M26 Pershing Heavy Tank
Selects Bolstered Team Weapons
Improved M9 Bazooka Rockets
Engineer Squad
Bazooka Squad
woof_raff
Porlex
0
0
Comments
sign in to comment!
No comments posted yet!